 Dungeon Crawl Stone Soup version 0.23.2-40-g277498a001 (webtiles) character file.

Game seed: 48727600692895607

30 Descartes the Insei (level 3, -3/23 HPs)
             Began as an Octopode Transmuter on Sept 26, 2019.
             Slain by Natasha (7 damage)
             ... on level 2 of the Dungeon.
             The game lasted 00:02:46 (1481 turns).

Descartes the Insei (Octopode Transmuter)           Turns: 1481, Time: 00:02:47

Health: -3/23      AC:  1    Str:  9    XL:     3   Next: 20%
Magic:  6/6        EV: 13    Int: 15    God:
Gold:   89         SH:  0    Dex: 13    Spells: 3/6 levels left

rFire    + . .     SeeInvis .   i - +2 dagger (holy)
rCold    . . .     Gourm    .   (no shield)
rNeg     . . .     Faith    .   (helmet restricted)
rPois    .         Spirit   .   (no amulet)
rElec    .         Reflect  .   h - ring of protection from fire
rCorr    .         Harm     .   (no ring)
MR       .....                  (no ring)
Stlth    +++.......             (no ring)
HPRegen  0.07/turn              (no ring)
MPRegen  0.10/turn              (no ring)
                                (no ring)
                                (no ring)

@: slowed, very slow
A: almost no armour, stealthy swim, amphibious, 8 rings, constrict 8, camouflage
1, gelatinous body 1
a: no special abilities


You were on level 2 of the Dungeon.
You were not hungry.

You visited 1 branch of the dungeon, and saw 2 of its levels.

You collected 89 gold pieces.

Inventory:

Hand Weapons
 i - a +2 dagger of holy wrath (weapon)
Missiles
 a - 12 arrows
 b - 50 stones (quivered)
Jewellery
 h - a ring of protection from fire (left tentacle)
Scrolls
 d - 2 scrolls of random uselessness {unknown}
 e - a scroll of enchant weapon {unknown}
 k - a scroll of fear {unknown}
 l - a scroll of noise {unknown}
 n - a scroll of fog {unknown}
 p - a scroll of remove curse {unknown}
 q - a scroll of identify {unknown}
Potions
 f - 2 potions of curing {unknown}
 g - a potion of lignification {unknown}
 j - a potion of berserk rage {unknown}
 m - a potion of ambrosia {unknown}
Comestibles
 c - 4 rations
 o - 3 chunks of flesh


   Skills:
 + Level 1.5 Fighting
 + Level 2.3 Dodging
 + Level 1.3 Stealth
 + Level 3.1 Unarmed Combat
 + Level 2.2 Spellcasting
 + Level 2.3 Transmutations


You had 3 spell levels left.
You knew the following spells:

 Your Spells              Type           Power        Failure   Level  Hunger
a - Beastly Appendage     Tmut           #.....       9%          1    #......
b - Sticks to Snakes      Tmut           #.......     13%         2    ###....

Your spell library contained the following spells:

 Spells                   Type           Power        Failure   Level  Hunger
 Spider Form              Tmut/Pois      #.........   38%         3    ###....
 Ice Form                 Ice/Tmut       #.......     80%         4    #####..
 Blade Hands              Tmut           #.........   93%         5    ######.


Dungeon Overview and Level Annotations

Branches:
Dungeon (2/15)

Altars:

Annotations:
D:2 Natasha


Innate Abilities, Weirdness & Mutations

You cannot wear most types of armour.
You are very stealthy in the water. (Stealth+)
You are amphibious.
You can wear up to eight rings at the same time.
You can use your tentacles to constrict eight enemies at once.
Your skin changes colour to match your surroundings (Stealth+).
Your rubbery body absorbs attacks. (AC +1, EV +1)


Message History

Natasha growls.
You barely miss Natasha. You grab Natasha.
You squeeze Natasha, but do no damage. You constrict Natasha.
Natasha casts a spell at you. You resist with significant effort.
Natasha barely misses you.
You hit Natasha.
Natasha is moderately wounded.
You constrict Natasha, but do no damage.
Natasha barely misses you.
You barely miss Natasha. You squeeze Natasha.
Natasha is moderately wounded.
You constrict Natasha.
Natasha wildly gestures.
You feel troubled. Natasha claws you! x2
* * * LOW HITPOINT WARNING * * *
You hit Natasha.
Natasha is severely wounded.
You constrict Natasha. Natasha claws you!
You die...

#.# #.# ≈≈≈..# #.# ≈≈≈≈$#
#.# ≈≈≈≈≈# #.# ##≈≈.≈≈# #.#
#.≈≈%≈≈## #.# #.≈≈≈≈≈..
#.##################≈≈≈≈≈...
#............@h......≈≈≈≈...
###################..≈≈≈≈..#
##.≈≈≈≈≈## #.≈.≈≈.# #)≈≈≈≈.#
#.≈≈≈..# #.≈h≈≈(# .≈≈≈≈.##
#≈≈≈≈≈≈≈


You could see Natasha.

Vanquished Creatures
  A worm (D:2)
  A dart slug (D:1)
  2 leopard geckos (D:1)
  5 goblins
  5 hobgoblins
  3 kobolds
  2 bats
  3 rats (D:1)
22 creatures vanquished.

Notes
Turn   | Place    | Note
-------+----------+-------------------------------------------
     0 | D:1      | Descartes the Octopode Transmuter began the quest for the
                  | Orb.
     0 | D:1      | Reached XP level 1. HP: 13/13 MP: 3/3
   166 | D:1      | Reached XP level 2. HP: 10/18 MP: 5/5
   652 | D:1      | Reached skill level 1 in Stealth
  1140 | D:2      | Learned a level 2 spell: Sticks to Snakes
  1204 | D:2      | Reached XP level 3. HP: 23/23 MP: 6/6
  1459 | D:2      | Noticed Natasha
  1481 | D:2      | Slain by Natasha

Skill      XL: |  1  2 |
---------------+-------+-----
Stealth        | 1 |  1.3
Fighting       | |  1.5
Dodging        | |  2.3
Unarmed Combat | |  3.1
Spellcasting   | |  2.2
Transmutations | |  2.3

Action                   || total
-------------------------++-------
Melee: Dagger            ||    47
       Constrict         ||    17
       Unarmed           ||     4
       Tentacles         ||    11
       Punch             ||     1
 Stab: Sleeping          ||     5
  Eat: Chunk             ||     2
Armor: Skin              ||     4
Dodge: Dodged            ||    21
